PCL
GRESHAM GOLD SOULS @ TEXARKANA BEARS
05/15/2028
 
TOP OF THE 1ST
Gresham Gold Souls batting - Pitching for Texarkana Bears : RHP Joe Utter
Pitching: RHP Joe Utter
Batting: SHB Todd Smith 0-0: Called Strike
0-1: Called Strike
0-2: Strikes out swinging
Batting: RHB Pablo Castillo 0-0: Ball
1-0: Ball
2-0: Called Strike
2-1: DOUBLE (Line Drive, 9D)
Batting: RHB Peter Hensley 0-0: Called Strike
0-1: Foul Ball, location: 2F
0-2: Ball
1-2: Ball
2-2: Fly out, F2 (Popup, 25)
Batting: RHB Mario Méndez 0-0: Called Strike
0-1: 2-RUN HOME RUN (Flyball, 78XD), Distance : 410 ft
Batting: RHB Gabriel Miranda 0-0: Fly out, F9 (Flyball, 9LS)
Top of the 1st over - 2 run(s), 2 hit(s), 0 error(s), 0 left on base; Gresham 2 - Texarkana 0
BOTTOM OF THE 1ST
Texarkana Bears batting - Pitching for Gresham Gold Souls : RHP Manuel Fuentes
Pitching: RHP Manuel Fuentes
Batting: RHB Steve Garneys 0-0: Ball
1-0: Fly out, F6 (Popup, 6D)
Batting: RHB Tony Reyes 0-0: Foul Ball, location: 2F
0-1: Ball
1-1: Foul Ball, location: 2F
1-2: Single, Error in OF, E7, batter to second base
Batting: LHB Sam Barnes 0-0: Ball
1-0: Ball
2-0: Ball
3-0: Called Strike
3-1: Swinging Strike
3-2: Strikes out swinging
Batting: RHB Juan Rico 0-0: Ball
1-0: Ball
2-0: Ball
3-0: Ground out 4-3 (Groundball, 4)
Bottom of the 1st over - 0 run(s), 1 hit(s), 1 error(s), 1 left on base; Gresham 2 - Texarkana 0
TOP OF THE 2ND
Gresham Gold Souls batting - Pitching for Texarkana Bears : RHP Joe Utter
Batting: RHB Matt Davidson 0-0: Ball
1-0: Ball
2-0: Called Strike
2-1: Swinging Strike
2-2: Ball
3-2: Strikes out looking
Batting: LHB Ezechiele Bruno 0-0: Swinging Strike
0-1: Swinging Strike
0-2: Ball
1-2: Foul Ball, location: 2F
1-2: Ball
2-2: Strikes out looking
Batting: RHB Brian Dixon 0-0: Fly out, F9 (Flyball, 9S)
Top of the 2nd over - 0 run(s), 0 hit(s), 0 error(s), 0 left on base; Gresham 2 - Texarkana 0
BOTTOM OF THE 2ND
Texarkana Bears batting - Pitching for Gresham Gold Souls : RHP Manuel Fuentes
Batting: LHB Tom Mullins 0-0: Foul Ball, location: 2F
0-1: Swinging Strike
0-2: Strikes out swinging
Batting: RHB Arturo Rodríguez 0-0: Called Strike
0-1: Ball
1-1: DOUBLE (Groundball, 5L)
Batting: RHB Gilberto López 0-0: Called Strike
0-1: Ball
1-1: Called Strike
1-2: Ground out 6-3 (Groundball, 56)
Batting: RHB Michael Barraclough 0-0: Called Strike
0-1: Ball
1-1: Ball
2-1: Foul Ball, location: 2F
2-2: Ball
3-2: Foul Ball, location: 2F
3-2: Strikes out swinging
Bottom of the 2nd over - 0 run(s), 1 hit(s), 0 error(s), 1 left on base; Gresham 2 - Texarkana 0
TOP OF THE 3RD
Gresham Gold Souls batting - Pitching for Texarkana Bears : RHP Joe Utter
Batting: RHB Gustavo Pagán 0-0: Foul Ball, location: 2F
0-1: Ball
1-1: Swinging Strike
1-2: Strikes out looking
Batting: SHB Todd Smith 0-0: Foul Ball, location: 2F
0-1: Ball
1-1: Ball
2-1: Ball
3-1: Called Strike
3-2: Foul Ball, location: 2F
3-2: Foul Ball, location: 2F
3-2: SOLO HOME RUN (Flyball, 9LD), Distance : 367 ft
Batting: RHB Pablo Castillo 0-0: Ground out 5-3 (Groundball, 56)
Batting: RHB Peter Hensley 0-0: Called Strike
0-1: Ball
1-1: Ball
2-1: SINGLE (Flyball, 9LS)
Batting: RHB Mario Méndez 0-0: Ball
1-0: Called Strike
Peter Hensley is caught stealing 2nd base
Top of the 3rd over - 1 run(s), 2 hit(s), 0 error(s), 0 left on base; Gresham 3 - Texarkana 0
BOTTOM OF THE 3RD
Texarkana Bears batting - Pitching for Gresham Gold Souls : RHP Manuel Fuentes
Batting: RHB Billy Campbell 0-0: Called Strike
0-1: Called Strike
0-2: Ball
1-2: Ball
2-2: Ground out 5-3 (Groundball, 56)
Batting: RHB Steve Garneys 0-0: Called Strike
0-1: Ground out 1-3 (Groundball, 15S)
Batting: RHB Tony Reyes 0-0: Called Strike
0-1: Ball
1-1: Ball
2-1: Ball
3-1: Ground out 1-3 (Groundball, 13)
Bottom of the 3rd over - 0 run(s), 0 hit(s), 0 error(s), 0 left on base; Gresham 3 - Texarkana 0
TOP OF THE 4TH
Gresham Gold Souls batting - Pitching for Texarkana Bears : RHP Joe Utter
Batting: RHB Mario Méndez 0-0: Called Strike
0-1: Foul Ball, location: 2F
0-2: SINGLE (Line Drive, 7S)
Batting: RHB Gabriel Miranda 0-0: Ball
1-0: Foul Ball, location: 2F
1-1: Ball
2-1: Called Strike
2-2: Foul Ball, location: 2F
2-2: Foul Ball, location: 2F
2-2: Fly out, F9 (Flyball, 9)
Batting: RHB Matt Davidson 0-0: Called Strike
0-1: Foul Ball, location: 2F
0-2: Ball
1-2: Fly out, F9 (Line Drive, 9)
Batting: LHB Ezechiele Bruno 0-0: Ball
1-0: Ground out 6-3 (Groundball, 6MS)
Top of the 4th over - 0 run(s), 1 hit(s), 0 error(s), 1 left on base; Gresham 3 - Texarkana 0
BOTTOM OF THE 4TH
Texarkana Bears batting - Pitching for Gresham Gold Souls : RHP Manuel Fuentes
Batting: LHB Sam Barnes 0-0: Called Strike
0-1: Swinging Strike
0-2: Strikes out looking
Batting: RHB Juan Rico 0-0: Foul Ball, location: 2F
0-1: Ball
1-1: Called Strike
1-2: Ground out 4-3 (Groundball, 4)
Batting: LHB Tom Mullins 0-0: Ball
1-0: Ball
2-0: SINGLE (Line Drive, 9LS)
Batting: RHB Arturo Rodríguez 0-0: Called Strike
0-1: Swinging Strike
0-2: Strikes out swinging
Bottom of the 4th over - 0 run(s), 1 hit(s), 0 error(s), 1 left on base; Gresham 3 - Texarkana 0
TOP OF THE 5TH
Gresham Gold Souls batting - Pitching for Texarkana Bears : RHP Joe Utter
Batting: RHB Brian Dixon 0-0: Ball
1-0: Ball
2-0: Swinging Strike
2-1: Foul Ball, location: 2F
2-2: Strikes out looking
Batting: RHB Gustavo Pagán 0-0: Ball
1-0: Foul Ball, location: 2F
1-1: Called Strike
1-2: Strikes out swinging
Batting: SHB Todd Smith 0-0: Ball
1-0: Swinging Strike
1-1: Swinging Strike
1-2: Ball
2-2: Strikes out looking
Top of the 5th over - 0 run(s), 0 hit(s), 0 error(s), 0 left on base; Gresham 3 - Texarkana 0
BOTTOM OF THE 5TH
Texarkana Bears batting - Pitching for Gresham Gold Souls : RHP Manuel Fuentes
Batting: RHB Gilberto López 0-0: Foul Ball, location: 2F
0-1: Ball
1-1: Ball
2-1: Foul Ball, location: 2F
2-2: Strikes out swinging
Batting: RHB Michael Barraclough 0-0: Called Strike
0-1: Ball
1-1: Foul Ball, location: 2F
1-2: Ball
2-2: Fly out, F9 (Flyball, 9S)
Batting: RHB Billy Campbell 0-0: Called Strike
0-1: Ground out 3-1 (Groundball, 34S)
Bottom of the 5th over - 0 run(s), 0 hit(s), 0 error(s), 0 left on base; Gresham 3 - Texarkana 0
TOP OF THE 6TH
Gresham Gold Souls batting - Pitching for Texarkana Bears : RHP Joe Utter
Batting: RHB Pablo Castillo 0-0: Ball
1-0: TRIPLE (Line Drive, 7LS)
Batting: RHB Peter Hensley 0-0: Ball
1-0: Swinging Strike
1-1: Called Strike
1-2: Strikes out swinging
Batting: RHB Mario Méndez 0-0: Intentional Walk
Batting: RHB Gabriel Miranda 0-0: Ground out 5-3 (Groundball, 56S)
Mario Méndez to second
Batting: RHB Matt Davidson 0-0: Ball
1-0: Ball
2-0: Called Strike
2-1: Foul Ball, location: 2F
2-2: Ball
3-2: Foul Ball, location: 2F
3-2: SINGLE (Groundball, 6MD)
Pablo Castillo scores
Mario Méndez to third
Mario Méndez scores
Pitching: RHP Ralph Willaims
Batting: LHB Ezechiele Bruno 0-0: Foul Ball, location: 2F
0-1: SINGLE (Groundball, 34S) (infield hit)
Matt Davidson to second
Batting: RHB Brian Dixon 0-0: Foul Ball, location: 2F
0-1: Fielders Choice at 2nd, 5-4 (Groundball, 5)
Top of the 6th over - 2 run(s), 3 hit(s), 0 error(s), 1 left on base; Gresham 5 - Texarkana 0
BOTTOM OF THE 6TH
Texarkana Bears batting - Pitching for Gresham Gold Souls : RHP Manuel Fuentes
Pitching: RHP David Green
Batting: RHB Steve Garneys 0-0: Ball
1-0: Foul Ball, location: 2F
1-1: Ball
2-1: Ground out U3 (Groundball, 34)
Batting: RHB Tony Reyes 0-0: Ball
1-0: Ground out 6-3 (Groundball, 6)
Batting: LHB Sam Barnes 0-0: Ball
1-0: Foul Ball, location: 2F
1-1: Ball
2-1: Foul Ball, location: 2F
2-2: Strikes out swinging
Bottom of the 6th over - 0 run(s), 0 hit(s), 0 error(s), 0 left on base; Gresham 5 - Texarkana 0
TOP OF THE 7TH
Gresham Gold Souls batting - Pitching for Texarkana Bears : RHP Ralph Willaims
Batting: RHB Gustavo Pagán 0-0: Called Strike
0-1: Foul Ball, location: 2F
0-2: Ball
1-2: Ball
2-2: Strikes out looking
Batting: SHB Todd Smith 0-0: Ball
1-0: Fly out, F7 (Flyball, 7D)
Batting: RHB Pablo Castillo 0-0: Swinging Strike
0-1: Called Strike
0-2: SINGLE (Groundball, 6MD)
Batting: RHB Peter Hensley 0-0: Foul Ball, location: 2F
0-1: Ball
1-1: Ball
2-1: Swinging Strike
2-2: Foul Ball, location: 2F
2-2: Strikes out swinging
Top of the 7th over - 0 run(s), 1 hit(s), 0 error(s), 1 left on base; Gresham 5 - Texarkana 0
BOTTOM OF THE 7TH
Texarkana Bears batting - Pitching for Gresham Gold Souls : RHP David Green
Batting: RHB Juan Rico 0-0: Called Strike
0-1: Ball
1-1: Ball
2-1: Ball
3-1: Fly out, F9 (Flyball, 89S)
Batting: LHB Tom Mullins 0-0: Called Strike
0-1: Foul Ball, location: 2F
0-2: Ball
1-2: Ball
2-2: SINGLE (Groundball, 6MD)
Batting: RHB Arturo Rodríguez 0-0: Called Strike
0-1: Ball
1-1: Fly out, F9 (Flyball, 9S)
Batting: RHB Gilberto López 0-0: SINGLE (Line Drive, 5L)
Tom Mullins to second
Batting: RHB Michael Barraclough 0-0: Called Strike
0-1: Ball
1-1: Called Strike
1-2: Strikes out swinging
Bottom of the 7th over - 0 run(s), 2 hit(s), 0 error(s), 2 left on base; Gresham 5 - Texarkana 0
TOP OF THE 8TH
Gresham Gold Souls batting - Pitching for Texarkana Bears : RHP Ralph Willaims
Batting: RHB Mario Méndez 0-0: SINGLE (Groundball, 6MD)
Batting: RHB Gabriel Miranda 0-0: Ball
1-0: Swinging Strike
1-1: Ball
2-1: Fly out, F7 (Flyball, 78S)
Batting: RHB Matt Davidson 0-0: Called Strike
0-1: Fly out, F8 (Flyball, 8RM)
Batting: LHB Ezechiele Bruno 0-0: Called Strike
Throwing error on steal attempt, E2
Mario Méndez to third
0-1: Swinging Strike
0-2: Ball
1-2: Strikes out swinging
Top of the 8th over - 0 run(s), 1 hit(s), 1 error(s), 1 left on base; Gresham 5 - Texarkana 0
BOTTOM OF THE 8TH
Texarkana Bears batting - Pitching for Gresham Gold Souls : RHP David Green
Now at SS: Elpidio Martinho
Batting: RHB Billy Campbell 0-0: Foul Ball, location: 2F
0-1: Ground out 6-3 (Groundball, 6)
Batting: RHB Steve Garneys 0-0: Ball
1-0: Ball
2-0: Ball
3-0: Called Strike
3-1: Base on Balls
Batting: RHB Tony Reyes 0-0: Called Strike
0-1: Ball
1-1: Fly out, F6 (Popup, 56D)
Batting: LHB Sam Barnes 0-0: Called Strike
0-1: Ground out 4-3 (Groundball, 4S)
Bottom of the 8th over - 0 run(s), 0 hit(s), 0 error(s), 1 left on base; Gresham 5 - Texarkana 0
TOP OF THE 9TH
Gresham Gold Souls batting - Pitching for Texarkana Bears : RHP Ralph Willaims
Pitching: RHP Jim Durham
Batting: RHB Brian Dixon 0-0: Ball
1-0: Ball
2-0: Ball
3-0: Base on Balls
Batting: RHB Gustavo Pagán 0-0: Swinging Strike
0-1: Ball
1-1: Foul Ball, location: 2F
1-2: Foul Ball, location: 2F
1-2: Strikes out swinging
Batting: SHB Todd Smith 0-0: Ground out 4-3 (Groundball, 34)
Brian Dixon to second
Batting: RHB Pablo Castillo 0-0: Foul Ball, location: 2F
0-1: Fly out, F9 (Flyball, 9S)
Top of the 9th over - 0 run(s), 0 hit(s), 0 error(s), 1 left on base; Gresham 5 - Texarkana 0
BOTTOM OF THE 9TH
Texarkana Bears batting - Pitching for Gresham Gold Souls : RHP David Green
Now at 3B: Willie Houk
Batting: RHB Juan Rico 0-0: Ball
1-0: Ground out 4-3 (Groundball, 4)
Batting: LHB Tom Mullins 0-0: Called Strike
0-1: Fly out, F7 (Flyball, 7LDF)
Batting: RHB Arturo Rodríguez 0-0: Swinging Strike
0-1: Swinging Strike
0-2: Strikes out swinging
Bottom of the 9th over - 0 run(s), 0 hit(s), 0 error(s), 0 left on base; Gresham 5 - Texarkana 0
Tuesday, August 8th, 2017 - OOTP Baseball 17.12 Build 75